 Dungeon Crawl Stone Soup version 0.31-a0-210-gccc998df9b (webtiles) character file.

Game seed: 1932780892350446202

77 qw the Shooter (level 4, -2/36 HPs)
             Began as a Minotaur Hexslinger on June 30, 2023.
             Slain by Grinder (4 damage)
             ... on level 3 of the Dungeon.
             The game lasted 00:00:43 (1843 turns).

qw the Shooter (Minotaur Hexslinger)                Turns: 1843, Time: 00:00:44

Health: -2/36      AC:  5    Str: 13    XL:     4   Next: 14%
Magic:  4/4        EV: 11    Int: 10    God:
Gold:   102        SH:  0    Dex: 14    Spells: 4/5 levels left

rFire   . . .        Y - +1 sling
rCold   . . .        (no shield)
rNeg    . . .        d - +0 ring mail
rPois   .            (helmet restricted)
rElec   .            (no cloak)
rCorr   .            (no gloves)
SInv    .            (no boots)
Will    .....        (no amulet)
Stlth   +            (no ring)
HPRegen 0.26/turn    (no ring)
MPRegen 0.09/turn

%: no passive effects
@: no status effects
A: horns 2, retaliatory headbutt
a: no special abilities


You were on level 3 of the Dungeon.
You visited 1 branch of the dungeon, and saw 3 of its levels.

You collected 102 gold pieces.


Innate Abilities, Weirdness & Mutations

You have a pair of horns on your head.
You reflexively headbutt those who attack you in melee.


   Skills:
 - Level 2.0 Fighting
 + Level 4.4 Ranged Weapons
 - Level 1.3 Armour
 - Level 2.1 Dodging
 - Level 1.0 Spellcasting
 - Level 2.0 Hexes


You had 4 spell levels left.
You knew the following spells:

 Your Spells              Type           Power      Damage    Failure   Level
a - Slow                  Hex            16%        N/A       32%         1

Your spell library contained the following spells:

 Spells                   Type           Power      Damage    Failure   Level
 Inner Flame              Hex/Fire       2%         N/A       82%         3
 Portal Projectile        Hex/Tloc       4%         N/A       82%         3
 Cause Fear               Hex            2%         N/A       97%         4

Inventory:

Hand Weapons
 Y - a +1 sling (weapon)
Armour
 d - a +0 ring mail (worn)
Scrolls
 f - a scroll of enchant armour {unknown}
Potions
 a - a potion of curing
 b - 2 potions of magic {unknown}
 c - a potion of enlightenment {unknown}
 g - a potion of degeneration {unknown}
 h - a potion of attraction {unknown}
 j - a potion of brilliance {unknown}
 k - a potion of resistance

Dungeon Overview and Level Annotations

Branches:
Dungeon (3/15)

Altars:
Vehumet
The Shining One

Annotations:
D:3 Grinder


Message History

You can move again.
You shoot a sling bullet.
The sling bullet closely misses Grinder.
Grinder gestures at you.
You shrug off the repeated paralysis!
You shoot a sling bullet.
The sling bullet closely misses Grinder.
Grinder blinks!
You shoot a sling bullet. The sling bullet hits Grinder.
Grinder is heavily wounded.
Grinder gestures at you. Pain shoots through your body!
Grinder blinks!
You shoot a sling bullet.
The sling bullet closely misses Grinder.
You shoot a sling bullet. The sling bullet hits Grinder.
Grinder is severely wounded.
Grinder gestures at you. Pain shoots through your body!
You shoot a sling bullet. The sling bullet hits Grinder.
Grinder is severely wounded.
You shoot a sling bullet.
The sling bullet closely misses Grinder.
You shoot a sling bullet.
The sling bullet hits Grinder but does no damage.
Grinder is severely wounded.
Grinder hits you.
You writhe in agony.
Grinder closely misses you.
You shoot a sling bullet. The sling bullet barely misses Grinder.
Grinder hits you but does no damage.
You shoot a sling bullet.
The sling bullet hits Grinder but does no damage.
Grinder is severely wounded.
Grinder gestures at you. You resist with significant effort.
You shoot a sling bullet.
The sling bullet completely misses Grinder.
Grinder hits you.
You writhe in agony.
Grinder misses you.
You shoot a sling bullet. The sling bullet barely misses Grinder.
Grinder says, "I used to sell toenails on the black market."
Grinder hits you!
You writhe in agony.
You die...

#........#..#
#......##.##.#
#.....##.}.# .# # #
#....####.####.##
#.##.#....#.#.###.#
.. .
...#...#.8.###.}.#.##
... ......#.###.#.#..
.....##5##.##.#.##
..#
#..@...###.}.###.#
#.#.##..###.#.##.## #
#.#..#.#.#.#.#..#
#.#.#.}.###.}.#.#
#.#..#.#.#.#.#..#
#.##.####.####..#
#.###.##.}.##...# #.#
#..##.##...##
#.#..#....##


You could see Grinder.

Vanquished Creatures
  A gnoll (D:1)
  An adder (D:2)
  2 worms (D:2)
  An orc (D:2)
  7 endoplasms
  4 giant cockroaches
  3 hobgoblins
  8 jackals
  5 kobolds
  2 quokkas (D:1)
  3 bats
  4 frilled lizards
  4 goblins
  A rat (D:2)
46 creatures vanquished.

Notes
Turn   | Place    | Note
-------+----------+-------------------------------------------
     0 | D:1      | qw the Minotaur Hexslinger began the quest for the Orb.
     0 | D:1      | Reached XP level 1. HP: 16/16 MP: 1/1
     0 | D:1      | 0 ||| qw: Version: 0.3-a-26-gee661ec
     0 | D:1      | 0 ||| qw: Game counter: 7244
     0 | D:1      | 0 ||| qw: Melee chars always use a shield: true
     0 | D:1      | 0 ||| qw: God list: Okawaru
     0 | D:1      | 0 ||| qw: Allow faded altars: false
     0 | D:1      | 0 ||| qw: Do Orc after clearing Dungeon:15 true
     0 | D:1      | 0 ||| qw: Do second Lair branch before Depths: true
     0 | D:1      | 0 ||| qw: Lair rune preference: random
     0 | D:1      | 0 ||| qw: Goals: Normal
     0 | D:1      | 0 ||| PLANNING D:1-11
    22 | D:1      | HP: 1/16 [gnoll/+0 spear (4)]
    25 | D:1      | Reached skill level 3 in Ranged Weapons
    25 | D:1      | Reached XP level 2. HP: 2/23 MP: 2/2
   571 | D:1      | 571 ||| Stepping ~*~*~tactically~*~*~ (outnumbered).
   573 | D:1      | Reached XP level 3. HP: 26/29 MP: 3/3
  1032 | D:1      | 1032 ||| UPGRADING to +0 ring mail.
  1042 | D:1      | 1042 ||| DROPPING +0 robe.
  1043 | D:1      | 1043 ||| READING scroll labelled DITANU GIEGO.
  1044 | D:1      | 1044 ||| READING scroll labelled FELUKHATOD.
  1045 | D:1      | 1045 ||| READING scroll labelled PITTOCA HI CUS.
  1046 | D:1      | 1046 ||| READING scroll labelled FASENW EDAUR.
  1047 | D:1      | 1047 ||| DRINKING 2 fuming golden potions.
  1048 | D:1      | 1048 ||| DRINKING 2 coppery potions.
  1049 | D:1      | 1049 ||| DROPPING scroll of poison.
  1071 | D:2      | Reached skill level 4 in Ranged Weapons
  1238 | D:2      | Reached skill level 1 in Armour
  1240 | D:2      | Found a glowing golden altar of the Shining One.
  1517 | D:2      | Reached XP level 4. HP: 36/36 MP: 4/4
  1618 | D:2      | 1618 ||| READING scroll labelled CEEKYI CUCINOA.
  1619 | D:2      | 1619 ||| READING scroll labelled COMYFF SIEPOL.
  1620 | D:2      | 1620 ||| DRINKING 2 orange potions.
  1643 | D:3      | 1643 ||| STAIRDANCE
  1705 | D:3      | Found a radiant altar of Vehumet.
  1800 | D:3      | Noticed Grinder
  1808 | D:3      | Paralysed by Grinder for 4 turns
  1817 | D:3      | HP: 9/36 [Grinder/nerve-wracking pain (9)]
  1818 | D:3      | 1818 ||| DRINKING potion of heal wounds.
  1829 | D:3      | Paralysed by Grinder for 3 turns
  1842 | D:3      | HP: 9/36 [Grinder (6)]
  1843 | D:3      | HP: 2/36 [Grinder (7)]
  1843 | D:3      | Slain by Grinder

Levels and vault maps discovered:
D:1:      minmay_arrival_arboretum_small, layout_basic,
          kennysheep_pointless_box, item_on_display_a
D:2:      layout_loops_ring, basic_altar, st_stairs_1
D:3:      layout_basic, vehumet_altar_wand_db, ebering_ecumenical_altar_rust,
          grunt_decor_mini_mirrors, bh_walls_and_bars, uniq_grinder

Skill      XL: |  1  2  3 |
---------------+----------+-----
Ranged Weapons | 3 4 |  4.4
Fighting       | 2 |  2.0
Armour         | 1 |  1.3
Dodging        | |  2.1
Spellcasting   | |  1.0
Hexes          | |  2.0

Action                     |  1- 3 |  4- 6 || total
---------------------------+-------+-------++-------
   Fire: Sling             |   125 |    56 ||   181
    Use: Scroll            |     4 |     2 ||     6
         Potion            |     2 |     2 ||     4
 Armour: Robe              |    20 |       ||    20
         Ring mail         |     5 |    11 ||    16
  Dodge: Dodged            |    61 |    13 ||    74

Table legend:
 A = Non-vault XP
 B = Vault XP
 C = Vault XP percentage of total XP
 D = Non-vault monster count
 E = Vault monster count
 F = Vault count percentage of total count
                 A         B        C        D         E       F
            +---------+---------+-------+---------+---------+-------
      Total |     106 |       5 |   4.5 |      43 |       3 |   6.5
            +---------+---------+-------+---------+---------+-------
        D:1 |      58 |       0 |   0.0 |      26 |       0 |   0.0
        D:2 |      47 |       4 |   7.8 |      16 |       2 |  11.1
        D:3 |       1 |       1 |  50.0 |       1 |       1 |  50.0
            +---------+---------+-------+---------+---------+-------
